AoeStats
← ALF

Black Forest

509405448Analyzed
4v4 RM · 5d ago on Sep 26, 2026· 40m 49s· 8 players
Game mode
Random Map
Map size
Large (8 player)
Population
200
Speed
Normal
Resources
Standard
Victory
Conquest
Starting age
Dark Age
Ending age
Imperial Age
RankedLock teamsTeams togetherTeam positionsShared explorationLock speedFull tech treeHidden civsTurbo modeCheats
Victory
Defeat
🇭🇰 Persians · Hong Kong SAR China
1466
+11
🇲🇽 Mongols · Mexico
1425
+13
🇬🇧 Saxons · United Kingdom
1424
+13
🇭🇰 Khmer · Hong Kong SAR China
1412
+13
🇺🇸 Danes · United States
1374
-13
🇮🇹 Khmer · Italy
1361
-13
🇺🇸 Danes · United States
1341
-12
🇩🇪 Spanish · Germany
1334
-12
虫
12:04 Feudal Age
15:13 Castle Age
13:40 Double-Bit Axe
13:38 Horse Collar
16:36 Bow Saw
16:28 Heavy Plow
21:03 Wheelbarrow
22:30 Hand Cart
22:41 Gold Mining
24:33 Gold Shaft Mining
23:58 Stone Mining
25:01 Loom
25:40 Husbandry
25:51 Bloodlines
29:11 Imperial Age
26:59 Scale Barding Armor
27:36 Forging
29:15 Stone Shaft Mining
29:08 Chain Barding Armor
29:24 Iron Casting
29:22 Tusk Swords
30:39 Plate Barding Armor
30:27 Conscription
31:20 Blast Furnace
30:32 Elite Battle Elephant
30:56 Capped Ram
33:51 Crop Rotation
33:25 Devotion
36:52 Town Watch
38:53 Town Patrol
ALF
0:52 Loom
10:51 Feudal Age
15:14 Castle Age
13:13 Double-Bit Axe
13:14 Horse Collar
16:19 Bow Saw
18:30 Wheelbarrow
21:02 Fletching
33:13 Hand Cart
33:36 Bodkin Arrow
33:52 Gold Mining
35:32 Ballistics
39:44 Padded Archer Armor
milesburkley
1:02 Loom
13:04 Feudal Age
17:05 Castle Age
14:54 Double-Bit Axe
15:56 Horse Collar
19:17 Bow Saw
24:01 Gold Mining
25:15 Sanctity
25:43 Redemption
27:14 Wheelbarrow
28:30 Hand Cart
28:26 Stone Mining
29:13 Gold Shaft Mining
33:29 Imperial Age
32:23 Ballistics
31:54 Fletching
32:39 Caravan
33:05 Atonement
33:23 Clerical Recruitment
34:52 Scale Barding Armor
35:36 Devotion
36:58 Faith
36:08 Shield Wall
36:25 Man-at-Arms
36:51 Gambesons
37:08 Scale Mail Armor
37:19 Forging
37:24 Masonry
37:08 Long Swordsman
38:07 Chain Mail Armor
38:00 Squires
39:09 Two-Handed Swordsman
40:43 Plate Mail Armor
40:49 Iron Casting
41:10 Block Printing
kenny yip
1:20 Loom
10:38 Feudal Age
12:28 Double-Bit Axe
15:02 Castle Age
13:46 Gold Mining
14:32 Horse Collar
15:50 Bow Saw
16:58 Wheelbarrow
19:54 Stone Mining
23:08 Stone Shaft Mining
24:25 Hand Cart
25:00 Heavy Plow
26:34 Gold Shaft Mining
29:40 Imperial Age
27:26 Forging
27:22 Scale Barding Armor
27:37 Caravan
28:57 Iron Casting
29:17 Chain Barding Armor
30:01 Coinage
29:42 Husbandry
29:53 Bloodlines
29:32 Elite War Elephant
30:43 Guilds
30:55 Conscription
32:08 Two-Man Saw
32:18 Plate Barding Armor
32:57 Chemistry
32:40 Banking
33:17 Devotion
32:41 Light Cavalry
34:40 Faith
33:55 Hussar
36:11 Blast Furnace
Dirty Dave
0:39 Loom
11:07 Feudal Age
15:20 Castle Age
13:34 Double-Bit Axe
13:32 Horse Collar
16:21 Bow Saw
20:10 Arson
22:29 Scale Mail Armor
25:49 Chain Mail Armor
27:46 Forging
29:42 Iron Casting
31:06 Gold Mining
31:06 Stone Mining
33:18 Pikeman
34:37 Squires
35:35 Heavy Plow
The_Reverend
0:44 Loom
13:41 Feudal Age
18:32 Castle Age
17:45 Double-Bit Axe
17:42 Horse Collar
29:20 Imperial Age
29:37 Wheelbarrow
28:48 Town Watch
29:35 Capped Ram
29:51 Capped Ram
33:24 Conscription
32:31 Pikeman
33:20 Scale Mail Armor
33:17 Halberdier
34:12 Squires
37:49 Chain Mail Armor
37:53 Forging
37:50 Hamask
Bob
1:01 Loom
13:25 Feudal Age
14:29 Horse Collar
14:36 Double-Bit Axe
14:42 Gold Mining
15:30 Wheelbarrow
17:33 Castle Age
16:38 Stone Mining
19:16 Bow Saw
19:57 Heavy Plow
21:01 Fervor
23:18 Caravan
27:21 Inquisition
31:37 Imperial Age
29:40 Sanctity
29:21 Atonement
30:00 Husbandry
30:11 Bloodlines
30:09 Devotion
30:50 Padded Archer Armor
30:42 Fletching
31:05 Redemption
31:57 Hand Cart
32:26 Leather Archer Armor
32:33 Block Printing
32:44 Illumination
32:58 Theocracy
32:27 Town Watch
33:44 Two-Man Saw
34:03 Conscription
34:06 Heresy
40:10 Faith
Jac
0:26 Loom
11:25 Feudal Age
14:51 Castle Age
12:59 Horse Collar
13:07 Double-Bit Axe
13:14 Gold Mining
13:51 Stone Mining
17:54 Heavy Plow
24:33 Forging
24:50 Scale Barding Armor
25:22 Fletching
26:08 Iron Casting
26:27 Iron Casting
27:53 Bodkin Arrow
30:58 Sanctity
30:55 Padded Archer Armor
31:27 Ballistics
31:39 Murder Holes
33:39 Chain Barding Armor
37:52 Imperial Age
36:29 Bloodlines
36:20 Husbandry
37:02 Masonry
37:41 Gold Shaft Mining
39:21 Wheelbarrow
40:01 Blast Furnace
Connection lost

Rejoining the realm…

Still unreachable

The connection could not be restored.

Session expired

The server has moved on; the page needs a fresh start.